 Dungeon Crawl Stone Soup version 0.23.0-3-gf3c87f2 (webtiles) character file.

Game seed: 1942771998908622938

1255 Tiagovsky the Skirmisher (level 8, 0/48 HPs)
             Began as a Gargoyle Earth Elementalist on Feb 19, 2019.
             Was an Initiate of Ashenzari.
             Slain by Pikel
             ... wielding a +1 whip of flaming
              (11 damage)
             ... on level 6 of the Dungeon on Feb 20, 2019.
             The game lasted 00:25:59 (7218 turns).

Tiagovsky the Skirmisher (GrEE)                     Turns: 7218, Time: 00:26:00

Health: 0/48       AC: 11    Str: 15    XL:     8   Next: 51%
Magic:  8/14       EV: 11    Int: 19    God:    Ashenzari [......]
Gold:   291        SH:  0    Dex: 10    Spells: 10/16 levels left

rFire    . . .     SeeInvis .   w - +1 flail
rCold    . . .     Gourm    .   (no shield)
rNeg     + . .     Faith    .   j - +0 ring mail
rPois    ∞         Spirit   .   (no helmet)
rElec    +         Reflect  .   (no cloak)
rCorr    .         Harm     .   (no gloves)
MR       .....                  (no boots)
Stlth    +.........             (no amulet)
HPRegen  0.16/turn              e - +4 ring of intelligence
MPRegen  0.14/turn              (no ring)

@: no status effects
A: negative energy resistance 1, electricity resistance, unbreathing,
petrification resistance, rot immunity, AC +5
a: Curse Item, Renounce Religion


You were on level 6 of the Dungeon.
You worshipped Ashenzari.
Ashenzari was noncommittal.
You were not hungry.

You visited 2 branches of the dungeon, and saw 8 of its levels.

You collected 291 gold pieces.

Inventory:

Hand Weapons
 q - a +0 hunting sling
 w - a +1 flail (weapon)
Missiles
 b - 65 stones (quivered)
Armour
 c - a +0 robe
 j - a +0 ring mail (worn)
Jewellery
 e - a +4 ring of intelligence (left hand)
Wands
 i - a wand of acid (10)
 r - a wand of flame (11)
 x - a wand of enslavement (6)
Scrolls
 a - 3 scrolls of enchant weapon
 f - a scroll of magic mapping
 g - 4 scrolls of identify
 k - 4 scrolls of remove curse
 l - 4 scrolls of teleportation
 o - 2 scrolls of fear
 u - a scroll of amnesia
Potions
 h - a potion of ambrosia {unknown}
 m - 3 potions of haste
 p - 3 potions of curing {unknown}
 s - 3 potions of flight {unknown}
 t - a potion of berserk rage {unknown}
 v - a potion of magic {unknown}
Comestibles
 d - 4 rations


   Skills:
 + Level 4.6 Fighting
 + Level 3.9 Maces & Flails
 - Level 4.0 Armour
 + Level 2.4 Dodging
 - Level 2.1 Stealth
 + Level 4.5 Spellcasting
 - Level 4.0 Conjurations
 - Level 0.7 Transmutations
 + Level 4.5 Earth Magic


You had 10 spell levels left.
You knew the following spells:

 Your Spells              Type           Power        Failure   Level  Hunger
a - Sandblast             Erth           ###...       3%          1    None
b - Stone Arrow           Conj/Erth      ###...       12%         3    ###....
c - Passwall              Tmut/Erth      ##......     12%         2    #......

Your spell library contained the following spells:

 Spells                   Type           Power        Failure   Level  Hunger
 Petrify                  Tmut/Erth      ##......     63%         4    ####...
 Lee's Rapid Deconstruct  Erth           ###.......   71%         5    ######.


Dungeon Overview and Level Annotations

Branches:
Dungeon (7/15)             Temple (1/1) D:6

Altars:
Ashenzari
Dithmenos
Elyvilon
Fedhas
Hepliaklqana
Kikubaaqudgha
Makhleb
Nemelex Xobeh
Okawaru
Sif Muna
Trog
Uskayaw
Wu Jian
Xom
Yredelemnul
Zin
The Shining One

Annotations:
D:6 Pikel


Innate Abilities, Weirdness & Mutations

You are resistant to torment.
Your stone body is resilient. (AC +5)
You are immune to poison.
You resist negative energy. (rN+)
You are resistant to electric shocks. (rElec)
You can survive without breathing.
You are immune to petrification.
You are immune to rotting.


Message History

b - 66 stones Pikel hits you with a +1 whip of flaming!
Pikel burns you.
Casting: Sandblast (safe; 3% risk of failure)
Confirm with . or Enter, or press ? or * to list all spells.
Aiming: Sandblast (safe; 3% risk of failure)
Press: ? - help, Shift-Dir - straight line, f/p - Pikel
Aim: Pikel, wielding a +1 whip of flaming and wearing a +1 robe of cold resistance (moderately wounded, unusually strong)
The blast of sand hits Pikel but does no damage.
Pikel is moderately wounded.
b - 65 stones Pikel hits you with a +1 whip of flaming.
* * * LOW HITPOINT WARNING * * *
Pikel burns you.
* * * LOW HITPOINT WARNING * * *
Okay, then.
You hit Pikel but do no damage.
Pikel is moderately wounded.
Pikel hits you with a +1 whip of flaming!
You die...

.>.#.#.# #.#.##..#
...#.#.## ##.#.#..##
###.#.#.# #..#.#.##
...#..#.## #.##.#.#
###..#...###.##.#.#
...##........##.#.#
###....#####......#
#....### #.###[##
#..#.# ####.# #@#
.....####....# #K#
..........##.# #.#
.##...#####..###.#
.##.....###.###..#
.##...#.##..###.#####
.#....#.......#.....##
.....................##
..............>.......#


You could see Pikel.

Vanquished Creatures
  Eustachio (D:6)
  A slave (D:6)
  2 ice beasts (D:5)
  A big kobold (D:7)
  A bullfrog (D:6)
  2 scorpions
  A crimson imp (D:6)
  A bullfrog zombie (D:6)
  2 orc priests (D:4)
  2 hounds
  A bullfrog skeleton (D:6)
  2 worker ants
  An iguana (D:4)
  6 orc wizards
  A hound zombie (D:5)
  A hound skeleton (D:4)
  A worker ant zombie (D:5)
  3 gnolls (D:6)
  6 adders
  An adder zombie (D:6)
  3 worms
  2 dart slugs
  2 leopard geckos
  15 orcs
  2 giant cockroaches
  11 goblins
  10 hobgoblins
  2 jackals (D:2)
  2 quokkas (D:5)
  A ball python (D:4)
  7 bats
  4 frilled lizards
  11 kobolds
  13 rats
122 creatures vanquished.

Notes
Turn   | Place    | Note
-------+----------+-------------------------------------------
     0 | D:1      | Tiagovsky the Gargoyle Earth Elementalist began the quest
                  | for the Orb.
     0 | D:1      | Reached XP level 1. HP: 10/10 MP: 3/3
   194 | D:1      | Reached XP level 2. HP: 16/16 MP: 0/5
   657 | D:1      | Reached skill level 1 in Fighting
   891 | D:1      | Reached XP level 3. HP: 16/20 MP: 2/6
  1083 | D:2      | Learned a level 3 spell: Stone Arrow
  1719 | D:2      | Found a hazy altar of Hepliaklqana.
  1875 | D:2      | Reached XP level 4. HP: 21/25 MP: 5/7
  2153 | D:3      | You fall through a shaft for 2 floors!
  2153 | D:5      | Entered Level 5 of the Dungeon
  2161 | D:5      | Reached skill level 1 in Maces & Flails
  2274 | D:4      | Reached skill level 1 in Conjurations
  2449 | D:4      | Reached skill level 1 in Armour
  2449 | D:4      | Reached XP level 5. HP: 6/30 MP: 6/9
  2934 | D:3      | Found a sparkling altar of Nemelex Xobeh.
  3205 | D:3      | Reached XP level 6. HP: 36/36 MP: 7/10
  4471 | D:5      | Reached XP level 7. HP: 37/41 MP: 5/12
  5350 | D:5      | Found a glowing golden altar of the Shining One.
  5356 | D:5      | Found a bloodstained altar of Trog.
  5460 | D:6      | Found a staircase to the Ecumenical Temple.
  5774 | D:5      | Upgraded the game from 0.23.0-2-g0fe3ce5 to
                  | 0.23.0-3-gf3c87f2
  5942 | D:6      | Found an ornate altar of the Wu Jian Council.
  5949 | D:6      | Noticed Eustachio
  5980 | D:6      | Killed Eustachio
  5980 | D:6      | Reached XP level 8. HP: 25/48 MP: 3/14
  6518 | D:6      | Found an iron altar of Okawaru.
  6601 | Temple   | Entered the Ecumenical Temple
  6976 | Temple   | Became a worshipper of Ashenzari the Shackled
  7121 | D:6      | Learned a level 2 spell: Passwall
  7187 | D:7      | Noticed Pikel
  7218 | D:6      | Slain by Pikel

Skill      XL: |  1  2  3  4  5  6  7  8 |
---------------+-------------------------+-----
Fighting       | 1 2 3 4 |  4.6
Earth Magic    | 4 |  4.5
Dodging        | 2 |  2.4
Maces & Flails | 1 2 3 |  3.9
Conjurations   | 1 2 4 |  4.0
Armour         | 1 2 3 4 |  4.0
Spellcasting   | 3 4 |  4.5
Stealth        | |  2.1
Transmutations | |  0.7

Action                   |  1- 3 |  4- 6 |  7- 9 || total
-------------------------+-------+-------+-------++-------
Melee: Unarmed           |    20 |       |       ||    20
       Short sword       |    24 |       |       ||    24
       Mace              |    79 |    52 |       ||   131
       Flail             |       |   129 |   126 ||   255
 Cast: Sandblast         |    30 |    22 |    58 ||   110
       Stone Arrow       |       |       |     1 ||     1
  Use: Scroll            |     1 |       |     9 ||    10
 Stab: Sleeping          |       |     1 |       ||     1
  Eat: Chunk             |     3 |     9 |     7 ||    19
       Ration            |       |       |     1 ||     1
Armor: Robe              |     6 |       |       ||     6
       Ring mail         |    41 |   110 |   102 ||   253
Dodge: Dodged            |    80 |   155 |   125 ||   360
